 Dungeon Crawl Stone Soup version 0.21.1-1-g345015f (webtiles) character file.

1642 troglodite the Slasher (level 8, 0/64 HPs)
             Began as a Demonspawn Berserker on Feb 21, 2018.
             Was an Elder of Trog.
             Killed from afar by an electric eel (9 damage)
             ... with a bolt of electricity
             ... on level 5 of the Dungeon.
             The game lasted 00:15:54 (5802 turns).

troglodite the Slasher (Demonspawn Berserker)       Turns: 5802, Time: 00:15:55

Health: 0/64       AC: 15    Str: 17    XL:     8   Next: 67%
Magic:  0/17       EV:  7    Int:  8    God:    Trog [****..]
Gold:   291        SH:  0    Dex: 16    Spells: 7/7 levels left

rFire    + . .     SeeInvis .   a - +0 falchion
rCold    . . .     Gourm    .   (no shield)
rNeg     . . .     Faith    .   d - +0 plate armour
rPois    .         Spirit   +   j - +0 helmet
rElec    .         Reflect  .   (no cloak)
rCorr    .         Harm     .   (no gloves)
MR       .....                  (no boots)
Stlth    ..........             (no amulet)
HPRegen  0.20/turn              b - ring of magical power
MPRegen  0.30/turn              v - ring of protection from fire

@: no status effects
A: claws 1, thin metallic scales 1, magic shield, magic regeneration
a: Berserk, Trog's Hand, Brothers in Arms, Burn Spellbooks, Renounce Religion


You were on level 5 of the Dungeon.
You worshipped Trog.
Trog was greatly pleased with you.
You were hungry.

You visited 1 branch of the dungeon, and saw 5 of its levels.
You also visited: Ossuary.

You collected 291 gold pieces.

Inventory:

Hand Weapons
 a - a +0 falchion (weapon)
Armour
 d - a +0 plate armour (worn)
 j - a +0 helmet (worn)
Jewellery
 b - a ring of magical power (left claw)
 o - an uncursed ring of magical power
 v - a ring of protection from fire (right claw)
Wands
 i - a wand of flame (26)
 n - a wand of random effects (22)
Scrolls
 e - 6 scrolls of teleportation
 k - a scroll of enchant armour {unknown}
 l - 4 scrolls of enchant weapon {unknown}
 p - a scroll of fog {unknown}
 q - 2 scrolls of noise {unknown}
 w - a scroll of magic mapping
Potions
 g - a potion of flight
 h - 4 potions of curing
 m - 3 potions of ambrosia
 r - a potion of heal wounds
 s - a potion of resistance
 t - a potion of agility {unknown}
 u - 3 potions of invisibility
Comestibles
 c - 9 rations


   Skills:
 * Level 6.2 Fighting
 + Level 6.5 Long Blades
 * Level 4.6 Armour
 * Level 4.7 Dodging
 + Level 1.2 Stealth


You had 7 spell levels left.
You didn't know any spells.

Dungeon Overview and Level Annotations

Branches:
Dungeon (5/15)
 Temple: D:4-7

Altars:
Ashenzari
Cheibriados
Dithmenos
Fedhas
Gozag
Kikubaaqudgha
Makhleb
Qazlal
Wu Jian
Xom

Shops:
D:4 [


Innate Abilities, Weirdness & Mutations

You have sharp fingernails.
You are partially covered in thin metallic scales. (AC +2)
When hurt, damage is shared between your health and your magic reserves.
You regenerate magic rapidly.


Message History

The bolt of electricity hits the plant.
The bolt of electricity hits you!
There is an open door here.
The electric eel shoots out a bolt of lightning at you!
The bolt of electricity hits the plant.
The bolt of electricity hits you!
The electric eel shoots out a bolt of lightning at you!
The bolt of electricity hits you!
The electric eel shoots out a bolt of lightning at you!
The bolt of electricity hits the plant.
The bolt of electricity hits you!
* * * LOW HITPOINT WARNING * * *
The electric eel shoots out a bolt of lightning at you!
The bolt of electricity hits the plant.
The bolt of electricity hits you!
* * * LOW HITPOINT WARNING * * *
The electric eel shoots out a bolt of lightning at you!
The bolt of electricity hits the plant.
The bolt of electricity hits you!
* * * LOW HITPOINT WARNING * * *
The electric eel shoots out a bolt of lightning at you!
The bolt of electricity hits the electric eel.
The electric eel completely resists.
The bolt of electricity hits the plant.
The bolt of electricity hits you!
You die...

#..# *,****,*
...# *,,,,,,*
.(.# ##########*
...#
##..).((((##
####
##≈########≈##
#≈##..P..≈##.#
#≈#...P.);≈#.#
#.#....P;.≈#.#
#.#@...P≈≈≈#.#
#..#..≈($;##≈##
##.##########≈##
#≈≈##..≈.)≈##≈#
##)#...P.;;≈#≈#
#.#....P$%≈#.#
#.#'..≈P.;;#.#
#######
#..#,..$≈≈##'##
#≈≈≈≈≈#
##.#*######...#


You could see 3 electric eels.

Vanquished Creatures
  Grinder (D:4)
  Duvessa (D:4)
  An ogre (D:4)
  A phantom (D:5)
  4 centaurs (D:5)
  2 elf zombies (Ossuary)
  Dowan (D:4)
  3 centaur zombies (Ossuary)
  2 hounds (D:4)
  3 worker ants (D:5)
  Natasha (D:2)
  2 big kobold zombies (Ossuary)
  2 ogre zombies (Ossuary)
  7 mummies (Ossuary)
  7 gnolls
  4 adders
  2 oozes
  2 adder zombies (Ossuary)
  2 adder skeletons
  3 worms
  A dart slug (D:1)
  5 leopard geckos
  8 orcs
  5 giant cockroaches
  7 goblins
  15 hobgoblins
  2 quokkas
  3 ball pythons
  A ball python skeleton (D:5)
  8 bats
  5 frilled lizards
  2 gnoll zombies (Ossuary)
  5 goblin zombies (Ossuary)
  3 hobgoblin zombies (Ossuary)
  9 kobolds
  3 kobold zombies (Ossuary)
  An orc zombie (Ossuary)
  3 quokka zombies (Ossuary)
  9 rats
  2 rat zombies (Ossuary)
148 creatures vanquished.

Notes
Turn   | Place    | Note
-------+----------+-------------------------------------------
     0 | D:1      | troglodite the Demonspawn Berserker began the quest for the Orb.
     0 | D:1      | Reached XP level 1. HP: 18/18 MP: 1/1
   289 | D:1      | Gained mutation: You are partially covered in thin metallic scales. (AC +2) [demonic ancestry]
   289 | D:1      | Reached XP level 2. HP: 20/24 MP: 2/2
   949 | D:1      | Reached ** piety under Trog
   953 | D:1      | Reached XP level 3. HP: 29/30 MP: 3/3
  1412 | D:2      | Gained mutation: You have sharp fingernails. [demonic ancestry]
  1412 | D:2      | Reached XP level 4. HP: 37/37 MP: 4/4
  1815 | D:2      | Found a snail-covered altar of Cheibriados.
  1891 | D:2      | Noticed Natasha
  1906 | D:2      | Killed Natasha
  1945 | D:2      | Found a shimmering altar of Xom.
  1980 | D:2      | Gained mutation: When hurt, damage is shared between your health and your magic reserves. [demonic ancestry]
  1980 | D:2      | Reached XP level 5. HP: 42/42 MP: 5/5
  2352 | D:3      | Reached *** piety under Trog
  3550 | D:4      | Found Akobe's Armour Shoppe.
  3551 | D:4      | Found a stormy altar of Qazlal.
  3554 | D:4      | Noticed an ogre
  3568 | D:4      | Killed an ogre
  3568 | D:4      | Gained mutation: You regenerate magic rapidly. [demonic ancestry]
  3568 | D:4      | Reached XP level 6. HP: 44/49 MP: 6/6
  3696 | D:4      | Found a shattered altar of Ashenzari.
  3710 | D:4      | Noticed Dowan
  3713 | D:4      | Noticed Duvessa
  3714 | D:4      | Noticed Grinder
  3726 | D:4      | Killed Duvessa
  3737 | D:4      | Killed Dowan
  3788 | D:4      | Killed Grinder
  3788 | D:4      | Reached skill level 5 in Fighting
  3788 | D:4      | Reached XP level 7. HP: 56/56 MP: 7/7
  3971 | D:4      | Found a burning altar of Makhleb.
  4102 | D:4      | Found an ancient bone altar of Kikubaaqudgha.
  4274 | D:5      | Entered Level 5 of the Dungeon
  4316 | D:5      | Reached skill level 5 in Long Blades
  4325 | D:5      | Found a blossoming altar of Fedhas.
  4353 | D:5      | Found a sand-covered staircase.
  4411 | Ossuary  | Entered an ossuary
  4549 | Ossuary  | Reached skill level 1 in Stealth
  4757 | Ossuary  | Reached XP level 8. HP: 62/63 MP: 8/8
  4807 | Ossuary  | Reached **** piety under Trog
  5309 | D:5      | Found an ornate altar of the Wu Jian Council.
  5339 | D:5      | Found a shadowy altar of Dithmenos.
  5426 | D:5      | Found an opulent altar of Gozag.
  5802 | D:5      | Killed from afar by an electric eel

Skill      XL: |  1  2  3  4  5  6  7  8 |
---------------+-------------------------+-----
Dodging        | 2 3 4 |  4.7
Long Blades    | 3 4 5 6 |  6.5
Armour         | 2 3 4 |  4.6
Fighting       | 4 5 6 |  6.2
Stealth        | 1 |  1.2

Action                   |  1- 3 |  4- 6 |  7- 9 || total
-------------------------+-------+-------+-------++-------
Melee: Falchion          |   127 |   186 |   430 ||   743
Invok: Berserk           |     1 |     4 |     2 ||     7
  Use: Scroll            |       |       |    10 ||    10
 Stab: Sleeping          |     4 |       |       ||     4
  Eat: Chunk             |     2 |     7 |     7 ||    16
       Ration            |       |     1 |     1 ||     2
Armor: Animal skin       |    35 |       |       ||    35
       Ring mail         |     5 |    24 |       ||    29
       Plate armour      |       |    56 |   256 ||   312
Dodge: Dodged            |    85 |    65 |   127 ||   277
       Rpst.: Falchion   |    27 |    20 |    33 ||    80
